 Dungeon Crawl Stone Soup version 0.22.1-6-g1668fe2c40 (webtiles) character file.

76 Kohma the Ruffian (level 4, -2/36 HPs)
             Began as a Draconian Transmuter on Jan 24, 2019.
             Slain by Sigmund
             ... wielding a +0 scythe
              (13 damage)
             ... on level 2 of the Dungeon.
             The game lasted 00:06:07 (1886 turns).

Kohma the Ruffian (Draconian Transmuter)            Turns: 1886, Time: 00:06:07

Health: -2/36      AC:  5    Str: 13    XL:     4   Next: 12%
Magic:  6/7        EV: 12    Int: 13    God:
Gold:   113        SH:  0    Dex: 12    Spells: 5/8 levels left

rFire    . . .     SeeInvis .     - Unarmed
rCold    . . .     Gourm    .   (no shield)
rNeg     . . .     Faith    .   (armour unavailable)
rPois    .         Spirit   .   (helmet restricted)
rElec    .         Reflect  .   (no cloak)
rCorr    .         Harm     .   (no gloves)
MR       .....                  (no boots)
Stlth    +.........             (no amulet)
HPRegen  0.12/turn              (no ring)
MPRegen  0.10/turn              (no ring)

@: appendage
A: unfitting armour, horns 2, cold-blooded, AC +5
a: End Transformation


You were on level 2 of the Dungeon.
You were not hungry.
You had grown temporary horns.
You visited 1 branch of the dungeon, and saw 2 of its levels.

You collected 113 gold pieces.

Inventory:

Missiles
 a - 12 arrows
Jewellery
 d - a +2 ring of slaying {unknown}
 h - a cursed -3 ring of intelligence {unknown}
Scrolls
 b - a scroll of enchant armour {unknown}
 f - a scroll of identify {unknown}
 g - a scroll of remove curse {unknown}
 i - a scroll of teleportation {unknown}
Potions
 e - 3 potions of heal wounds {unknown}
 j - a potion of curing {unknown}
Comestibles
 c - 3 rations


   Skills:
 + Level 1.8 Fighting
 - Level 1.7 Dodging
 * Level 4.0 Unarmed Combat
 + Level 2.5 Spellcasting
 * Level 2.7 Transmutations


You had 5 spell levels left.
You knew the following spells:

 Your Spells              Type           Power        Failure   Level  Hunger
a - Beastly Appendage     Tmut           #.....       8%          1    #......
b - Sticks to Snakes      Tmut           #.......     12%         2    ###....

Your spell library contained the following spells:

 Spells                   Type           Power        Failure   Level  Hunger
 Spider Form              Tmut/Pois      #.........   38%         3    ###....
 Ice Form                 Ice/Tmut       #.......     80%         4    #####..
 Blade Hands              Tmut           #.........   91%         5    ######.


Dungeon Overview and Level Annotations

Branches:
Dungeon (2/15)

Altars:
Dithmenos

Annotations:
D:2 Sigmund


Innate Abilities, Weirdness & Mutations

Your plain brown scales are hard. (AC +5)
You cannot fit into any form of body armour.
You are cold-blooded and may be slowed by cold attacks.
You have a pair of horns on your head.


Message History

Sigmund casts a spell at you. The puff of flame hits you!
Sigmund screams, "You will never...
NEVER!!!"
Sigmund barely misses you.
You closely miss Sigmund. Sigmund hits you with a scythe!
You closely miss Sigmund. You hit Sigmund. You tail-slap Sigmund.
Sigmund is lightly wounded.
Your horns disappear.
Sigmund hits you with a scythe.
You closely miss Sigmund.
Sigmund is lightly wounded.
Sigmund misses you.
Casting: Beastly Appendage (safe; 8% risk of failure)
Confirm with . or Enter, or press ? or * to list all spells.
You grow a pair of large bovine horns.
You hit Sigmund. You headbutt Sigmund, but do no damage. You tail-slap Sigmund.
Sigmund is heavily wounded.
Sigmund hits you with a scythe!
You die...

### ...#
########...#
#......@...#
#.....@..!.#
###..........#
#.+........###
##.#........#
#...........#
##.............
#.###.######..
#.# #.# ...
######'###.#
|..


You could see Sigmund.

Vanquished Creatures
  Jessica (D:2)
  An ooze (D:1)
  A dart slug (D:2)
  A leopard gecko (D:1)
  A giant cockroach (D:1)
  6 goblins
  3 hobgoblins
  4 jackals (D:2)
  5 bats
  6 frilled lizards
  7 kobolds
  5 rats
41 creatures vanquished.

Notes
Turn   | Place    | Note
-------+----------+-------------------------------------------
     0 | D:1      | Kohma the Draconian Transmuter began the quest for the Orb.
     0 | D:1      | Reached XP level 1. HP: 16/16 MP: 3/3
   262 | D:1      | Reached XP level 2. HP: 23/23 MP: 3/5
   271 | D:1      | Learned a level 2 spell: Sticks to Snakes
  1088 | D:1      | Reached XP level 3. HP: 28/28 MP: 6/6
  1319 | D:2      | Noticed Jessica
  1340 | D:2      | Killed Jessica
  1507 | D:2      | Found a shadowy altar of Dithmenos.
  1519 | D:2      | Reached XP level 4. HP: 34/36 MP: 7/7
  1593 | D:2      | Reached skill level 4 in Unarmed Combat
  1876 | D:2      | Noticed Sigmund
  1886 | D:2      | Slain by Sigmund

Skill      XL: |  1  2  3  4 |
---------------+-------------+-----
Unarmed Combat | 4 |  4.0
Fighting       | |  1.8
Dodging        | |  1.7
Spellcasting   | |  2.5
Transmutations | |  2.7

Action                   |  1- 3 |  4- 6 || total
-------------------------+-------+-------++-------
Melee: Unarmed           |   139 |    15 ||   154
       Tailslap          |     9 |     3 ||    12
       Kick              |     1 |       ||     1
       Punch             |     1 |     1 ||     2
       Headbutt          |       |     2 ||     2
 Cast: Beastly Appendage |     3 |     5 ||     8
  Eat: Chunk             |     2 |     1 ||     3
Armor: Skin              |    41 |     1 ||    42
Dodge: Dodged            |   101 |     8 ||   109
